cohdb
Replays
Latest Replays
All Replays
Popular Replays
Top Player Replays
Match Explorer
How It Works
Community
CoH3 Stats
Reddit
Sign in to upload your games and track your stats! →
Sign in with Steam
Match 42959754
Unlisted
Match 42959754
Overview
Messages
Build Orders
End
Scout Squad
Construct Barracks
Selects Advanced Infantry Battlegroup
Riflemen Squad
Riflemen Squad
Riflemen Squad
Selects Artillery Observers
Grenade Package
Engineer Squad
Air Support Center
Selects Convert to Ranger Squad
P-47 Strafing Run
Grasshopper Recon Run
P-47 Dive Bomb
Ranger Squad
Grasshopper Recon Run
Convert to Ranger Squad
Construct Tank Depot
Selects M2A1 105mm Howitzer Emplacement
M1918 Browning Automatic Rifles
P-47 Dive Bomb
Construct Medical Station
M18 Hellcat Tank Destroyer
Convert to Ranger Squad
Grasshopper Recon Run
Engineer Squad
Grasshopper Recon Run
P-47 Dive Bomb
Selects Free Fire Drills
P-47 Dive Bomb
Commando
Seba8026
Guderian ITA
Fajolada
0
0
Comments
sign in to comment!
No comments posted yet!